 Dungeon Crawl Stone Soup version 0.29.1-15-g9cfb28693d (webtiles) character file.

Game seed: 6117628993126535636

29 protoss039 the Digger (level 3, 26/26 HPs)
             Began as a Demonspawn Earth Elementalist on Mar 13, 2023.
             Got out of the dungeon alive.
             The game lasted 00:01:12 (1444 turns).

protoss039 the Digger (DsEE)                        Turns: 1444, Time: 00:01:12

Health: 26/26      AC:  5    Str:  8    XL:     3   Next: 1%
Magic:  6/6        EV: 10    Int: 18    God:
Gold:   75         SH:  0    Dex: 13    Spells: 4/7 levels left

rFire   . . .      SeeInvis .   f - +3 short sword
rCold   . . .      Faith    .   (no shield)
rNeg    . . .      Spirit   .   i - +0 ring mail
rPois   .          Reflect  .   (helmet restricted)
rElec   .          Harm     .   (no cloak)
rCorr   .          Rampage  .   (no gloves)
Will    .....                   (no boots)
Stlth   +.........              (no amulet)
HPRegen 0.08/turn               (no ring)
MPRegen 0.10/turn               (no ring)

@: no status effects
A: antennae 1, demonic magic 1
a: no special abilities


You escaped.
You visited 1 branch of the dungeon, and saw 2 of its levels.

You collected 75 gold pieces.

Inventory:

Hand Weapons
 f - a +3 short sword (weapon)
Armour
 i - a +0 ring mail (worn)
Scrolls
 a - a scroll of teleportation {unknown}
 c - 2 scrolls of identify {unknown}
 d - a scroll of noise {unknown}
 e - a scroll of enchant armour {unknown}
 g - a scroll of torment {unknown}
 l - a scroll of summoning {unknown}
Potions
 b - a potion of magic
 h - a potion of heal wounds {unknown}
 j - a potion of brilliance {unknown}
 k - a potion of invisibility {unknown}


   Skills:
 + Level 1.3 Fighting
 - Level 1.7 Dodging
 - Level 1.7 Stealth
 + Level 2.5 Spellcasting
 - Level 0.8 Transmutations
 + Level 3.1 Earth Magic


You had 4 spell levels left.
You knew the following spells:

 Your Spells              Type           Power      Damage    Failure   Level
a - Sandblast             Erth           26%        2d8       14%         1
b - Passwall              Tmut/Erth      7%         N/A       34%         2

Your spell library contained the following spells:

 Spells                   Type           Power      Damage    Failure   Level
 Freeze                   Ice            8%         1d3       47%         1
 Slow                     Hex            8%         N/A       47%         1
 Stone Arrow              Conj/Erth      14%        3d7       63%         3
 Confusing Touch          Hex            2%         N/A       85%         3
 Frozen Ramparts          Ice            4%         1d1       85%         3
 Vampiric Draining        Necr           2%         2d6       85%         3
 Petrify                  Tmut/Erth      9%         N/A       93%         4
 Hailstorm                Conj/Ice       2%         3d3       99%         4


Dungeon Overview and Level Annotations

Branches:
Dungeon (2/15) Zot: 10541

Altars:


Innate Abilities, Weirdness & Mutations

You have a pair of small antennae on your head.
Spells you cast may paralyse adjacent enemies.


Message History

A kobold is nearby!
A kobold is nearby!
No target in view!
Casting: Sandblast (safe; 17% risk of failure)
Confirm with . or Enter, or press ? or * to list all spells.
Aiming: Sandblast (safe; 17% risk of failure)
Press: ? - help, Shift-Dir - straight line, f - you That would be overly suicidal.
Okay, then.
Unknown command.
The kobold throws a stone.
The stone hits you.
The kobold throws a stone.
The stone hits you but does no damage.
Casting: Sandblast (safe; 17% risk of failure)
Confirm with . or Enter, or press ? or * to list all spells.
Aiming: Sandblast (safe; 17% risk of failure)
Press: ? - help, Shift-Dir - straight line, f - kobold
Aim: a kobold, wielding a +0 short sword and quivering stones (77% to hit)
The blast of sand hits the kobold.
You kill the kobold!
Malevolent energies surge around you.
You have reached level 3!
Your experience leads to an increase in your attributes!
Increase (S)trength, (I)ntelligence, or (D)exterity?
You feel clever. x2; Your demonic ancestry asserts itself...
A pair of antennae grows on your head!
You see here a rat corpse.
There is a stone staircase leading down here.
There is a stone staircase leading up here.
You climb upwards.
There is a stone staircase leading down here.
Unknown command.
You see here a jackal skeleton.
There is an open door here.
There is an open door here.
You open the door.
There is an open door here.
There is an escape hatch in the floor here.
There is a staircase leading out of the dungeon here.
Are you sure you want to leave the Dungeon?
This will make you lose the game!
You have escaped!

############## ##### #.#
#............# #...# #.#
#............# #...# #.#
#............# #...# #.#
#............#####...##########..
'............'...'...'...........
#............###.#...#######.####
#............# #>#...# ##.# #
############## #@#...# #..# #
#...# #.#...# #.## # #...#
#.#...# ##.##### #...#
#.....#####....... #...#
########.....##### #...# ##.###.#
# #...# ##..# #.# #...# ###..##
#.# #...# ##...## #.#


There were no monsters in sight!

Vanquished Creatures
  2 endoplasms
  2 giant cockroaches (D:1)
  4 goblins
  2 hobgoblins
  3 jackals (D:1)
  3 ball pythons (D:1)
  A bat (D:1)
  A frilled lizard (D:1)
  4 kobolds
  4 rats
26 creatures vanquished.

Notes
Turn   | Place    | Note
-------+----------+-------------------------------------------
     0 | D:1      | protoss039 the Demonspawn Earth Elementalist began the
                  | quest for the Orb.
     0 | D:1      | Reached XP level 1. HP: 13/13 MP: 3/3
   415 | D:1      | Gained mutation: Spells you cast may paralyse adjacent
                  | enemies. [demonic ancestry]
   415 | D:1      | Reached XP level 2. HP: 18/20 MP: 0/5
   685 | D:1      | Reached skill level 1 in Fighting
   839 | D:1      | Reached skill level 3 in Earth Magic
  1041 | D:1      | Learned a level 2 spell: Passwall
  1366 | D:2      | Gained mutation: You have a pair of small antennae on your
                  | head. [demonic ancestry]
  1366 | D:2      | Reached XP level 3. HP: 25/26 MP: 4/6
  1444 | D:$      | Got out of the dungeon alive.

Illustrated notes

Levels and vault maps discovered:
D:1:      dpeg_arrival_tiny_i, layout_basic
D:2:      layout_rooms, hellmonk_ecumenical_altar_crossroads,
          minmay_misc_feat_encased, grunt_decor_cap

Skill      XL: |  1  2 |
---------------+-------+-----
Fighting       | 1 |  1.3
Earth Magic    | 3 |  3.1
Dodging        | |  1.7
Stealth        | |  1.7
Spellcasting   | |  2.5
Transmutations | |  0.8

Action                   || total
-------------------------++-------
Melee: Short sword       ||    22
 Cast: Sandblast         ||    25
 Stab: Paralysed         ||     2
       Sleeping          ||     1
Armor: Robe              ||     5
       Ring mail         ||    14
Dodge: Dodged            ||    28
